AoeStats
← martijn

Black Forest

510346710Analyzed
4v4 RM · 1d ago on Sep 30, 2026· 61m 52s· 8 players
Game mode
Random Map
Map size
Large (8 player)
Population
200
Speed
Normal
Resources
Standard
Victory
Conquest
Starting age
Dark Age
Ending age
Imperial Age
RankedLock teamsTeams togetherTeam positionsShared explorationLock speedFull tech treeHidden civsTurbo modeCheats
Victory
Defeat
🇻🇳 Teutons · Vietnam
986
+17
🇳🇱 Khmer · Netherlands
964
+18
🇳🇴 Ethiopians · Norway
964
+18
🇨🇳 Poles · China
960
+18
🇮🇳 Vikings · India
1146
-23
🇳🇱 Danes · Netherlands
1083
-21
🇵🇰 Britons · Pakistan
937
-15
🇧🇪 Burgundians · Belgium
873
-12
agnak3
11:07 Feudal Age
12:03 Double-Bit Axe
14:52 Castle Age
12:59 Horse Collar
17:32 Bow Saw
20:16 Wheelbarrow
21:15 Heavy Plow
21:37 Stone Mining
24:01 Gold Mining
25:42 Hand Cart
26:38 Loom
29:46 Imperial Age
28:21 Town Watch
29:51 Stone Shaft Mining
29:39 Scale Barding Armor
29:45 Forging
29:52 Masonry
30:59 Conscription
31:07 Ironclad
31:02 Bloodlines
33:01 Chemistry
31:28 Cavalier
33:10 Heated Shot
33:36 Paladin
35:46 Crenellations
35:58 Caravan
37:15 Iron Casting
37:01 Chain Barding Armor
37:06 Ballistics
42:09 Plate Barding Armor
42:35 Blast Furnace
41:44 Siege Engineers
41:32 Fletching
42:45 Two-Man Saw
42:17 Crop Rotation
43:01 Man-at-Arms
43:27 Gambesons
43:44 Squires
45:16 Hoardings
44:14 Sappers
44:47 Scale Mail Armor
44:44 Bodkin Arrow
44:44 Guard Tower
45:17 Guilds
45:26 Long Swordsman
50:13 Two-Handed Swordsman
50:37 Onager
51:27 Champion
60:43 Heavy Scorpion
Warmommy
0:39 Loom
11:35 Feudal Age
12:06 Double-Bit Axe
15:06 Horse Collar
17:57 Castle Age
16:02 Gold Mining
17:04 Wheelbarrow
17:09 Fletching
17:47 Stone Mining
19:18 Bow Saw
19:11 Heavy Plow
25:57 Gold Shaft Mining
26:10 Town Watch
26:45 Hand Cart
30:13 Bodkin Arrow
30:44 Caravan
31:02 Murder Holes
33:06 Fortified Wall
33:19 Forging
33:45 Squires
37:59 Imperial Age
35:58 Town Watch
38:09 Royal Heirs
38:00 Onager
38:01 Heavy Scorpion
39:57 Chemistry
39:03 Siege Engineers
41:10 Two-Man Saw
40:21 Bracer
40:57 Iron Casting
40:22 Scale Mail Armor
40:45 Ballistics
44:17 Torsion Engines
45:42 Conscription
46:19 Elite Shotel Warrior
61:27 Capped Ram
61:28 Siege Onager
martijn
2:36 Loom
13:46 Feudal Age
16:50 Castle Age
14:52 Double-Bit Axe
14:54 Horse Collar
15:29 Stone Mining
17:32 Wheelbarrow
19:12 Hand Cart
20:50 Town Watch
26:14 Gold Mining
28:55 Bloodlines
28:46 Husbandry
29:51 Gold Shaft Mining
29:58 Bow Saw
29:57 Heavy Plow
31:04 Town Patrol
34:35 Imperial Age
33:51 Caravan
34:02 Scale Barding Armor
34:08 Forging
33:49 Fletching
34:21 Ballistics
34:12 Fortified Wall
33:52 Guard Tower
34:14 Masonry
34:29 Scale Mail Armor
34:29 Padded Archer Armor
34:33 Husbandry
33:55 Light Cavalry
35:21 Double Crossbow
35:45 Hussar
36:29 Guard Tower
37:45 Architecture
39:31 Chemistry
38:27 Murder Holes
38:55 Chain Barding Armor
39:11 Iron Casting
39:16 Capped Ram
41:06 Plate Barding Armor
40:27 Bodkin Arrow
41:30 Siege Ram
45:07 Crop Rotation
46:15 Cavalier
46:31 Heavy Scorpion
51:04 Blast Furnace
50:05 Bracer
50:46 Keep
55:53 Coinage
56:10 Siege Engineers
我全都要
1:26 Loom
13:03 Feudal Age
13:42 Double-Bit Axe
16:00 Wheelbarrow
19:04 Castle Age
18:02 Stone Mining
17:59 Horse Collar
20:11 Bow Saw
22:54 Husbandry
23:04 Bloodlines
26:23 Hand Cart
25:53 Town Watch
27:03 Bloodlines
28:13 Szlachta Privileges
30:15 Town Patrol
31:07 Gold Mining
31:32 Guard Tower
35:10 Imperial Age
33:41 Forging
33:36 Scale Barding Armor
33:32 Treadmill Crane
34:04 Fortified Wall
35:35 Cavalier
37:25 Conscription
37:31 Lechitic Legacy
40:45 Siege Engineers
41:17 Keep
40:54 Masonry
41:34 Ballistics
41:26 Light Cavalry
43:47 Iron Casting
43:32 Chain Barding Armor
45:12 Chemistry
44:33 Ballistics
43:38 Winged Hussar
46:54 Blast Furnace
46:36 Heavy Plow
46:46 Scale Mail Armor
29
0:47 Loom
11:30 Feudal Age
16:53 Castle Age
15:12 Double-Bit Axe
17:25 Loom
24:03 Gold Mining
24:33 Forging
24:43 Scale Mail Armor
25:14 Town Watch
26:03 Bow Saw
26:46 Gold Shaft Mining
32:11 Gold Shaft Mining
34:38 Imperial Age
32:11 Town Patrol
33:33 Chieftains
33:55 Chain Mail Armor
34:46 Ballistics
34:40 Masonry
35:38 Iron Casting
37:32 Chemistry
37:49 Chemistry
37:22 Conscription
37:40 Hoardings
37:03 Horse Collar
37:18 Stone Mining
38:55 Plate Mail Armor
38:18 Fletching
40:42 Ballistics
39:48 Elite Berserk
39:54 Heavy Scorpion
42:25 Blast Furnace
41:39 Bodkin Arrow
43:49 Onager
46:06 Arson
45:46 Pikeman
46:26 Squires
53:37 Two-Man Saw
Elisabeth
5:02 Loom
7:17 Horse Collar
8:19 Double-Bit Axe
13:01 Feudal Age
14:38 Bow Saw
15:25 Heavy Plow
17:20 Gold Mining
23:08 Castle Age
21:57 Gold Shaft Mining
22:54 Forging
22:44 Scale Mail Armor
22:51 Scale Barding Armor
22:56 Stone Mining
26:02 Devotion
27:27 Two-Man Saw
27:15 Wheelbarrow
26:30 Town Watch
29:33 Chain Mail Armor
29:54 Iron Casting
34:08 Imperial Age
32:56 Burgundian Vineyards
33:19 Guilds
33:45 Caravan
36:29 Conscription
38:40 Chain Barding Armor
38:50 Town Patrol
39:07 Hand Cart
41:02 Squires
40:49 Arson
45:17 Plate Barding Armor
45:40 Elite Coustillier
48:03 Blast Furnace
47:34 Plate Mail Armor
46:55 Fletching
46:56 Pikeman
54:06 Halberdier
Medina90
0:39 Loom
12:50 Feudal Age
16:20 Castle Age
14:44 Double-Bit Axe
15:41 Horse Collar
17:11 Bow Saw
17:38 Wheelbarrow
18:39 Heavy Plow
25:24 Scale Mail Armor
27:01 Chain Mail Armor
28:09 Hand Cart
28:35 Forging
29:14 Gold Mining
31:01 Gold Shaft Mining
34:17 Imperial Age
35:32 Plate Mail Armor
34:25 Capped Ram
35:50 Elite Varangian Guard
37:55 Iron Casting
39:10 Onager
42:00 Blast Furnace
42:01 Elite Jomsviking
42:59 Pikeman
43:41 Squires
43:42 Arson
45:42 Halberdier
48:08 Siege Onager
48:08 Siege Onager
51:44 Conscription
52:08 Hamask
Wild Nût Buster
11:35 Feudal Age
17:11 Castle Age
15:45 Stone Mining
18:35 Double-Bit Axe
18:42 Gold Mining
26:43 Bow Saw
30:26 Fletching
35:47 Imperial Age
34:35 Bodkin Arrow
34:41 Padded Archer Armor
34:42 Loom
35:32 Wheelbarrow
34:42 Town Watch
34:50 Horse Collar
35:49 Gold Shaft Mining
34:39 Crossbowman
35:48 Ballistics
35:11 Treadmill Crane
36:43 Yeomen
36:04 Arbalester
37:42 Heavy Plow
38:46 Two-Man Saw
38:04 Hand Cart
37:51 Town Patrol
38:09 Bracer
38:24 Leather Archer Armor
39:17 Chemistry
40:43 Ring Archer Armor
46:27 Masonry
46:23 Siege Engineers
46:13 Murder Holes
48:33 Conscription
Connection lost

Rejoining the realm…

Still unreachable

The connection could not be restored.

Session expired

The server has moved on; the page needs a fresh start.